 Dungeon Crawl Stone Soup version 0.13-a0-1585-g6f4f798 (webtiles) character file.

38 Kae the Chiller (level 2, 0/17 HPs)
             Began as an Octopode Ice Elementalist on June 12, 2013.
             Slain by a jackal (2 damage)
             ... on Level 1 of the Dungeon.
             The game lasted 00:00:46 (396 turns).

Kae the Chiller (Octopode Ice Elementalist)          Turns: 396, Time: 00:00:46

HP   0/17        AC  1     Str  7      XL: 2   Next: 54%
MP   1/4         EV 12     Int 17      God:
Gold 22          SH  0     Dex 12      Spells:  2 memorised,  0 levels left

Res.Fire  : . . .   See Invis. : .   (no weapon)
Res.Cold  : . . .   Warding    : .   (no shield)
Life Prot.: . . .   Conserve   : .   (helmet restricted)
Res.Poison: .       Res.Corr.  : .   (no amulet)
Res.Elec. : .       Clarity    : .   (no ring)
Sust.Abil.: . .     Spirit.Shd : .   (no ring)
Res.Mut.  : .       Stasis     : .   (no ring)
Res.Rott. : .       Flight     : .   (no ring)
Saprovore : . . .                    (no ring)
                                     (no ring)
                                     (no ring)
                                     (no ring)

@: very slightly contaminated, not resistant to hostile enchantments, quite
stealthy
A: almost no armour, amphibious, 8 rings, constrict 8, camouflage 1, AC +1
a: no special abilities


You were on level 1 of the Dungeon.
You were not hungry.

You visited 1 branch of the dungeon, and saw 1 of its levels.

You collected 2 gold pieces.

Inventory:

Comestibles
 a - a meat ration
 c - a bread ration
Scrolls
 d - a scroll of amnesia {unknown}
 e - a scroll of fear {unknown}
 f - a scroll of identify {unknown}
 g - a scroll of enchant weapon I {unknown}
Potions
 h - a potion of mutation {unknown}
Books
 b - a book of Frost

   Spells                             Type                      Level
   *Freeze                            Ice                          1
   *Throw Frost                       Conjuration/Ice              2
   Ozocubu's Armour                   Charms/Ice                   3
   Throw Icicle                       Conjuration/Ice              4
   Summon Ice Beast                   Ice/Summoning                4
   Condensation Shield                Ice                          4


   Skills:
 - Level 2.2 Dodging
 - Level 2.6 Stealth
 + Level 1.3 Spellcasting
 * Level 1.3 Conjurations
 * Level 3.3 Ice Magic


You couldn't memorise any spells.
You knew the following spells:

 Your Spells              Type           Power        Failure   Level  Hunger
a - Freeze                Ice            ##..         6%          1    ##.....
b - Throw Frost           Conj/Ice       #.....       14%         2    ###....


Dungeon Overview and Level Annotations

Branches:
Dungeon (1/27)

Altars:
Okawaru


Innate Abilities, Weirdness & Mutations

You cannot wear most types of armour.
You are amphibious.
You can wear up to eight rings at the same time.
You can use your tentacles to constrict many enemies at once.
Your skin changes colour to match your surroundings (Stlth).
Your rubbery body absorbs attacks (AC +1).


Message History

You hit the kobold but do no damage. Your grab misses the kobold.
Your squeeze misses the kobold. The kobold hits you but does no damage.
You barely miss the kobold. You grab the kobold.
You constrict the kobold, but do no damage.
The kobold barely misses you.
You hit the kobold but do no damage. You constrict the kobold.
The kobold hits you with a club.
* * * LOW HITPOINT WARNING * * *
You hit the kobold but do no damage.
The kobold is heavily wounded.
You constrict the kobold.
You kill the kobold!
The jackal bites you.
* * * LOW HITPOINT WARNING * * *
You closely miss the jackal. Your grab misses the jackal.
You squeeze the jackal, but do no damage.
The jackal closely misses you.
You hit the jackal but do no damage. Your grab misses the jackal.
The jackal barely misses you. The jackal bites you.
You die...

#. #.#.# ##.#.? ###
..... .#.. ....
..... #.. ###......
#h##........
#@#........
##.........# # .#
#.#......... ##
#.###.##.......#.
.##
#..#.###.......#
..#
#.##.#..#.#.##.##.#
..#
.......#..##.....
#.#
#.##........##.#
..# #...........#


You could see a jackal.

Vanquished Creatures
  3 giant cockroaches (D:1)
  2 goblins (D:1)
  A hobgoblin (D:1)
  2 jackals (D:1)
  A giant gecko (D:1)
  2 giant newts (D:1)
  2 kobolds (D:1)
  4 rats (D:1)
17 creatures vanquished.

Notes
Turn   | Place    | Note
--------------------------------------------------------------
     0 | D:1      | Kae, the Octopode Ice Elementalist, began the quest for the Orb.
     0 | D:1      | Reached XP level 1. HP: 11/11 MP: 3/3
   155 | D:1      | Reached XP level 2. HP: 13/17 MP: 2/4
   159 | D:1      | Learned a level 2 spell: Throw Frost
   283 | D:1      | Found an iron altar of Okawaru.
   396 | D:1      | Slain by a jackal

Action                   || total
-------------------------++-------
Melee: Unarmed           ||    18
 Cast: Freeze            ||    18
